Zenyatta, lawful female human Monk --- ----------------- ---.-- ----- --- |...............| --....| --.|.| ----.| |..------------.--- --...--- |....| ------.|..| ---- ---- ----...---------....-----------...-------------- --.--..%..-- |..| |..............................................-- |........-- |..----..---...-------.........---....--------------..| |........| ---..|..I.|.--.--------..--....|---.--- |..| ---.....-- --...%^....|...|..----------.-|...| -----.-- |.....-- --.......----.|...----------<|.---- ---..|..-- --.....| ---........%..................|..--- ---........---- |.....-- ----- --.....-----.-...-...............| |.....---.....| |-.....-- --...| |......-- |...-...........--....| --.....| |.....| |.......| |....-- ---......---..............-|--.--- --......| --....------.......-- |.....---.|........................----- --..----.------................- --.--.........................>......-- --..-- |....| --------..........| -----..--............--..............-- |..-- ---..| --........-- -------.........----...^..^.......| |.-- ---- --......-- --.|.|....| |.......----...-- --- ---...-- ------..-- --..--.-- --.-- --.-- ---- ------- --- --- Zenyatta the Novice Experience level: 5 Strength: 16 Dexterity: 12 Constitution: 15 Intelligence: 10 Wisdom: 16 Charisma: 8 Health: 0(36) Energy: 30(30) Def: 0 Gold: 292 Moves: 2526 Dungeon seed: JdHby3MlF5ZpTldh Game ID: Zenyatta_1463754126 Your Inventory: Coins $ - 292 gold pieces Weapons I - 4 +0 daggers J - 6 +0 darts (in quiver) Comestibles f - 5 uncursed food rations g - 6 uncursed apples h - 7 uncursed oranges i - 5 uncursed fortune cookies r - an uncursed slime mold Scrolls b - an uncursed scroll of remove curse m - an uncursed scroll of teleportation H - 2 uncursed scrolls of blank paper Q - an uncursed scroll of enchant armor Spellbooks a - a blessed spellbook of protection o - an uncursed spellbook of sleep s - an uncursed spellbook of remove curse E - an uncursed spellbook of force bolt R - an uncursed spellbook of light Potions c - a blessed potion of healing d - an uncursed potion of healing k - an uncursed potion of full healing L - a blessed potion of confusion O - an uncursed potion of water Rings G - an uncursed ring of protection from shape changers Wands u - a wand of undead turning (0:5) Tools j - an uncursed oil lamp (0:1076) l - an uncursed leash K - an uncursed tallow candle (0:200) M - 3 uncursed partly used wax candles (lit) (0:120) P - a magic marker (0:30) Spells and supernatural/magical abilities: Name Level Category Fail Memory a - force bolt 1 attack 22% 96% p - protection 1 clerical 22% 96% r - remove curse 3 clerical 100% 89% z - sleep 1 enchantment 22% 88% W - pray for help -- divine ? -- Your skills at the end: Fighting Skills martial arts [Basic] Weapon Skills Spellcasting Skills healing spells [Basic] Final Attributes: You were piously aligned. You were sleep resistant. You were poison resistant. You were blinded. You saw invisible. You were stealthy. You were fast. You were lucky. You are dead. Vanquished creatures: a bugbear a gnome lord a guardian naga hatchling a paper golem a little dog a kitten a homunculus a rabid rat an iguana 6 manes a large kobold 7 giant rats 2 green molds 9 gnomes 3 geckos 4 jackals a grid bug 2 lichens a kobold zombie 7 newts 52 creatures vanquished. Voluntary challenges: You were vegetarian. You had followed a strict vegan diet until turn 1918. You were an atheist. You never hit with a wielded weapon. You read items or engraved 22 times, starting on turn 50. You never genocided any monsters. You never polymorphed an object. You never changed form. You used no wishes. You never split a pudding. You never wrote Elbereth's name. You never violated your personal moral code. Dungeon overview: The Dungeons of Doom: levels 1 to 5 Level 1 some fountains, some sinks a long staircase Level 2 a weapon shop, some fountains Level 3 some fountains Level 4 some fountains stairs to The Gnomish Mines Level 5 a fountain The Gnomish Mines: Level 5 <- You were here stairs to The Dungeons of Doom History has recorded: On T:1 you entered the Dungeons of Doom to retrieve the Amulet of Yendor! On T:409 you reached level 2 of The Dungeons of Doom. On T:791 you reached level 3 of The Dungeons of Doom. On T:913 you advanced to experience level 2. On T:1062 you reached level 4 of The Dungeons of Doom. On T:1147 you advanced to experience level 3. On T:1249 you reached level 5 of The Dungeons of Doom. On T:2051 you reached level 1 of The Gnomish Mines. On T:2060 you advanced to experience level 4. On T:2208 you advanced to experience level 5. Score breakdown: Gold: 292 ( 8391 points) Experience: 5 levels (11141 points) Exploration: 5 levels ( 10.00%) ( 8571 points) Discoveries: 7 items ( 2.51%) ( 4751 points) Valuables value: (no points given unless you survive) Artifact value: 0 ( 0 points) Variety of kills: 20 monsters ( 5.25%) ( 6873 points) Turncount: 2526 turns ( -345 points) Survival: died (score multiplied by 80%) Total score: 31505 Latest messages: t - a scroll labeled ELAM EBOW. m - 2 scrolls labeled HACKEM MUCHE. F - a scroll labeled THARR. x - a scroll labeled VELOX NEB. b - an uncursed scroll of remove curse. H - 3 unlabeled scrolls. a - a blessed spellbook of protection. s - a spellbook of remove curse. o - a spellbook of sleep. z - a brown potion. p - a clear potion. k - a magenta potion. B - an orange potion. c - a blessed potion of healing. d - 2 uncursed potions of healing. u - a curved wand. j - an uncursed oil lamp (0:1076). You miss it. It hits! You die... Final status: Goodbye Zenyatta the Monk, killed by a dwarf... You died in The Gnomish Mines on dungeon level 5 with 31505 points, and 292 pieces of gold, after 2526 moves. You were level 5 with a maximum of 36 hit points when you died.